 Dungeon Crawl Stone Soup version 0.27-a0-1193-g8631133539 (webtiles) character file.

Game seed: 16951413662398965678

367 senseless the Ducker (level 6, -5/53 HPs)
             Began as a Gnoll Monk on May 26, 2021.
             Slain by an orc warrior
             ... wielding a +0 flail
              (9 damage)
             ... on level 6 of the Dungeon.
             The game lasted 00:08:22 (3087 turns).

senseless the Ducker (Gnoll Monk)                   Turns: 3087, Time: 00:08:23

Health: -5/53      AC:  9    Str: 10 (12) XL:     6   Next: 69%
Magic:  9/9        EV: 10    Int:  7 (10) God:
Gold:   44         SH:  0    Dex: 13 (14) Spells: 9/9 levels left

rFire    . . .     SeeInvis .   a - +0 hand axe (flame)
rCold    + . .     Faith    .   (no shield)
rNeg     . . .     Spirit   .   i - +2 scale mail {rC+}
rPois    .         Reflect  .   j - +0 helmet
rElec    .         Harm     .   (no cloak)
rCorr    .         Rampage  .   (no gloves)
Will     .....                  (no boots)
Stlth    +.........             (no amulet)
HPRegen  0.17/turn              (no ring)
MPRegen  0.11/turn              (no ring)

@: mighty
A: fangs 1, strong nose, distributed training
a: no special abilities


You were on level 6 of the Dungeon.
You visited 1 branch of the dungeon, and saw 5 of its levels.

You collected 44 gold pieces.

Inventory:

Hand Weapons
 a - a +0 hand axe of flaming (weapon)
Missiles
 o - 16 poisoned darts (quivered)
Armour
 b - a +0 robe
 i - a +2 scale mail of cold resistance (worn)
 j - a +0 helmet (worn)
Scrolls
 c - 4 scrolls of teleportation
 f - a scroll of brand weapon
 g - 2 scrolls of identify
Potions
 l - a potion of mutation {unknown}
 n - 2 potions of curing


   Skills:
 + Level 6.9 Fighting
 + Level 2.1 Short Blades
 + Level 2.1 Long Blades
 + Level 6.9 Axes
 + Level 2.1 Maces & Flails
 + Level 2.1 Polearms
 + Level 2.1 Staves
 + Level 2.1 Slings
 + Level 2.1 Bows
 + Level 2.1 Crossbows
 + Level 2.1 Throwing
 + Level 2.1 Armour
 + Level 6.9 Dodging
 + Level 4.6 Stealth
 + Level 2.1 Shields
 + Level 2.1 Unarmed Combat
 + Level 2.1 Spellcasting
 + Level 1.6 Conjurations
 + Level 1.6 Hexes
 + Level 1.6 Summonings
 + Level 1.6 Necromancy
 + Level 1.6 Translocations
 + Level 1.6 Transmutations
 + Level 1.6 Fire Magic
 + Level 1.6 Ice Magic
 + Level 1.6 Air Magic
 + Level 1.6 Earth Magic
 + Level 1.6 Poison Magic
 + Level 2.3 Invocations
 + Level 2.1 Evocations


You had 9 spell levels left.
You didn't know any spells.
Your spell library contained the following spells:

 Spells                   Type           Power      Damage    Failure   Level
 Sting                    Tmut/Pois      12%        1d3       77%         1
 Ignite Poison            Fire/Tmut/Pois 3%         N/A       98%         3
 Mephitic Cloud           Conj/Pois/Air  3%         N/A       98%         3
 Spider Form              Tmut/Pois      1%         N/A       98%         3
 Olgreb's Toxic Radiance  Pois           3%         N/A       100%        4


Dungeon Overview and Level Annotations

Branches:
Dungeon (6/15)
 Temple: D:4-7

Altars:
Nemelex Xobeh


Innate Abilities, Weirdness & Mutations

You have very sharp teeth.
Your uncanny sense of smell can sniff out nearby items.
Your experience applies equally to all skills.


Message History

The centaur skeleton hits you but does no damage.
The centaur skeleton kicks you but does no damage.
There is a stone staircase leading down here.
Something hits you!
* * * LOW HITPOINT WARNING * * *
The centaur skeleton hits you but does no damage.
The centaur skeleton barely misses you.
You climb downwards.
Reactivating autopickup.
An orc wizard comes into view. It is wielding a +0 dagger.
There is a stone staircase leading up here.
An orc and an orc warrior come into view.
The orc warrior shouts!
The orc shouts!
You hear a shout!
The orc wizard gestures at itself while chanting.
The orc wizard flickers and vanishes!
Deactivating autopickup; reactivate with Ctrl-A.
The orc warrior moves out of view.
You hit something. You burn something. Your bite misses something.
Something hits you but does no damage.
You miss something. You completely miss the orc.
An orc wizard comes into view. It is wielding a +0 dagger.
Something hits you but does no damage. The orc hits you but does no damage.
You miss something. You hit the orc. You burn the orc.
You kill the orc!
Something hits you but does no damage.
You barely miss something. You slash the orc wizard! You burn the orc wizard.
The orc wizard hits you but does no damage.
Something hits you but does no damage.
You barely miss something. You hit the orc warrior. You burn the orc warrior.
You barely miss the orc wizard.
The orc warrior hits you with a +0 flail.
* * * LOW HITPOINT WARNING * * *
The orc wizard hits you with a +0 dagger.
* * * LOW HITPOINT WARNING * * *
Something hits you but does no damage. Something hits you but does no damage.
You closely miss something. You bite something.
You hit the orc warrior but do no damage.
The orc warrior hits you with a +0 flail!
You die...

. ....# ##
. ....## #.
. ......
#.######
##......
#.<....#
......
###o###.#.
....#
#.@{).....#
#.#.##... ∆
#.#.###.###
.<.......
#.#.#
.........
#.#.#
.......##
#.#.#
......>#
#.#.#
.......#
#.#.#
.......# #.
.#
.........


You could see an orc warrior.

Vanquished Creatures
  A water moccasin (D:6)
  A phantom (D:6)
  An orc priest (D:2)
  A centaur skeleton (D:6)
  4 gnolls
  2 adders
  An adder skeleton (D:2)
  2 dart slugs (D:2)
  4 orcs
  8 ball pythons
  6 bats
  4 endoplasms
  A giant cockroach (D:2)
  4 goblins
  5 hobgoblins
  9 jackals
  A quokka (D:2)
  A frilled lizard (D:1)
  5 kobolds
  4 rats
65 creatures vanquished.

Notes
Turn   | Place    | Note
-------+----------+-------------------------------------------
     0 | D:1      | senseless the Gnoll Monk began the quest for the Orb.
     0 | D:1      | Reached XP level 1. HP: 23/23 MP: 1/1
    41 | D:1      | Reached XP level 2. HP: 28/29 MP: 2/2
   519 | D:1      | Reached XP level 3. HP: 35/35 MP: 3/3
  1131 | D:2      | Identified Sif Muna's Grimoire of Envenoming
  1313 | D:2      | Reached skill level 1 in Invocations
  1531 | D:2      | Reached skill level 1 in Short Blades
  1531 | D:2      | Reached skill level 1 in Long Blades
  1531 | D:2      | Reached skill level 1 in Maces & Flails
  1531 | D:2      | Reached skill level 1 in Polearms
  1531 | D:2      | Reached skill level 1 in Staves
  1531 | D:2      | Reached skill level 1 in Slings
  1531 | D:2      | Reached skill level 1 in Bows
  1531 | D:2      | Reached skill level 1 in Crossbows
  1531 | D:2      | Reached skill level 1 in Throwing
  1531 | D:2      | Reached skill level 1 in Armour
  1531 | D:2      | Reached skill level 1 in Shields
  1531 | D:2      | Reached skill level 1 in Unarmed Combat
  1531 | D:2      | Reached skill level 1 in Spellcasting
  1531 | D:2      | Reached skill level 1 in Evocations
  1779 | D:2      | Reached XP level 4. HP: 41/41 MP: 5/5
  2110 | D:2      | Reached skill level 1 in Conjurations
  2110 | D:2      | Reached skill level 1 in Hexes
  2110 | D:2      | Reached skill level 1 in Summonings
  2110 | D:2      | Reached skill level 1 in Necromancy
  2110 | D:2      | Reached skill level 1 in Translocations
  2110 | D:2      | Reached skill level 1 in Transmutations
  2110 | D:2      | Reached skill level 1 in Fire Magic
  2110 | D:2      | Reached skill level 1 in Ice Magic
  2110 | D:2      | Reached skill level 1 in Air Magic
  2110 | D:2      | Reached skill level 1 in Earth Magic
  2110 | D:2      | Reached skill level 1 in Poison Magic
  2314 | D:3      | Found a sparkling altar of Nemelex Xobeh.
  2351 | D:3      | Reached XP level 5. HP: 41/47 MP: 6/6
  2749 | D:3      | You fall into a shaft and drop 3 floors!
  2769 | D:6      | Noticed a water moccasin
  2782 | D:6      | Killed a water moccasin
  2783 | D:6      | Reached XP level 6. HP: 34/53 MP: 8/8
  3028 | D:5      | Entered Level 5 of the Dungeon
  3080 | D:6      | Noticed an orc warrior
  3087 | D:6      | Slain by an orc warrior

Illustrated notes

Levels and vault maps discovered:
D:1:      pf_arrival_petrified_forest, layout_basic
D:2:      layout_basic
D:3:      cheibrodos_old_hovel, layout_basic, nicolae_overflow_crystal_walls,
          hellmonk_ecumenical_altar_leap_of_faith
D:5:      layout_cave_pods, fiery_altar_vehumet, fedhas_altar_2
D:6:      layout_basic, kennysheep_little_box,
          minmay_temple_entry_statues_fountains, ebering_ghost_disaster_area

Skill      XL: |  1  2  3  4  5  6 |
---------------+-------------------+-----
Invocations    | 1 2 |  2.3
Short Blades   | 1 2 |  2.1
Long Blades    | 1 2 |  2.1
Maces & Flails | 1 2 |  2.1
Polearms       | 1 2 |  2.1
Staves         | 1 2 |  2.1
Slings         | 1 2 |  2.1
Bows           | 1 2 |  2.1
Crossbows      | 1 2 |  2.1
Throwing       | 1 2 |  2.1
Armour         | 1 2 |  2.1
Shields        | 1 2 |  2.1
Unarmed Combat | 1 2 |  2.1
Spellcasting   | 1 2 |  2.1
Evocations     | 1 2 |  2.1
Conjurations   | 1 |  1.6
Hexes          | 1 |  1.6
Summonings     | 1 |  1.6
Necromancy     | 1 |  1.6
Translocations | 1 |  1.6
Transmutations | 1 |  1.6
Fire Magic     | 1 |  1.6
Ice Magic      | 1 |  1.6
Air Magic      | 1 |  1.6
Earth Magic    | 1 |  1.6
Poison Magic   | 1 |  1.6
Fighting       | |  6.9
Axes           | |  6.9
Dodging        | |  6.9
Stealth        | |  4.6

Action                   |  1- 3 |  4- 6 || total
-------------------------+-------+-------++-------
Melee: Hand axe          |   125 |   116 ||   241
       Bite              |    11 |    13 ||    24
       Punch             |     1 |     1 ||     2
  Use: Scroll            |     1 |     5 ||     6
       Potion            |       |     4 ||     4
 Stab: Sleeping          |     8 |     1 ||     9
Armor: Robe              |    15 |       ||    15
       Scale mail        |     4 |    70 ||    74
Dodge: Dodged            |    94 |    68 ||   162

Table legend: (Time is in decaauts)
 A = Elapsed time spent in this place.
 B = Non-inter-level travel time spent in this place.
 C = Inter-level travel time spent in this place.
 D = Time resting spent in this place.
 E = Time spent auto-exploring this place.
 F = Levels seen in this place.
 G = Mean time per level.
                   A        B        C        D        E       F      G
               +--------+--------+--------+--------+--------+-----+--------+
         Total |   3084 |   2999 |     85 |    693 |   1698 |   5 |  616.8 |
       Dungeon |   3084 |   2999 |     85 |    693 |   1698 |   5 |  616.8 |
               +--------+--------+--------+--------+--------+-----+--------+

Top non-repeatable levels by time:
     D:2: 1416 daAuts
     D:1: 1071 daAuts
     D:6: 295 daAuts
     D:3: 259 daAuts
     D:5: 41 daAuts
